 Dungeon Sprint DCSS version 0.19.4-8-ga85b6b9 (webtiles) character file.

12300000 protoss039 the Middleweight Champion (level 27, -46/273 HPs)
             Began as a Ghoul Gladiator on Feb 13, 2017.
             Was the Champion of Makhleb.
             Annihilated by a fleshlord
             ... wielding a +9 great mace
              (190 damage)
             ... in the Dungeon (Sprint VIII: "Arena of Blood").
             The game lasted 00:04:21 (123 turns).

protoss039 the Middleweight Champion (GhGl)          Turns: 123, Time: 00:04:21

Health: -46/273    AC:  8    Str: 32    XL:     27
Magic:  44/53      EV: 25    Int:  3    God:    Makhleb [******]
Gold:   0          SH:  0    Dex:  9    Spells: 0 memorised, 80 levels left

rFire  . . .     SeeInvis .     k - +∞ Axe of Woe
rCold  + . .     Gourm    .     a - +0 leather armour
rNeg   + + +     Faith    .     (shield currently unavailable)
rPois  ∞         Spirit   .     b - +0 helmet
rElec  .         Reflect  .     (no cloak)
rCorr  .         Harm     .     (no gloves)
MR     ++...     NoTele   +     (no boots)
Stlth  +++++++++.               (no amulet)
                                m - +250 ring of slaying
                                l - +250 ring of slaying

@: rotting, slowed, very slow
A: rotting body, claws 1, carnivore 3, cold resistance 1, negative energy
resistance 3, slow regeneration 1, torment resistance, unbreathing
a: Minor Destruction, Lesser Servant of Makhleb, Major Destruction, Greater
Servant of Makhleb, Renounce Religion


You were in the Dungeon.
You worshipped Makhleb.
Makhleb was exalted by your worship.
You were not hungry.

You visited 1 branch

Inventory:

Hand Weapons
 k - the +∞ Axe of Woe (weapon)
   (You found it in the Dungeon)
Missiles
 c - 3 throwing nets (quivered)
Armour
 a - a +0 leather armour (worn)
 b - a +0 helmet (worn)
Jewellery
 l - a +250 ring of slaying (left claw)
 m - a +250 ring of slaying (right claw)
Scrolls
 j - a scroll of blinking
Potions
 e - a potion of curing
 f - a potion of heal wounds
 g - a potion of haste
 h - 2 potions of magic
 i - a potion of berserk rage
Comestibles
 d - a meat ration


   Skills:
 O Level 27 Fighting
 O Level 27 Axes
 O Level 27 Throwing
 O Level 27 Armour
 O Level 27 Dodging
 O Level 27 Stealth
 O Level 27 Unarmed Combat
 O Level 27 Spellcasting
 O Level 27 Invocations


You had 80 spell levels left.
You didn't know any spells.

Dungeon Overview and Level Annotations

Branches:
Dungeon (1/1)

Altars:
Makhleb


Innate Abilities, Weirdness & Mutations

Your body is rotting away.
You thrive on raw meat.
You are immune to poison.
You have sharp fingernails.
You are carnivorous and can eat meat at any time.
Your flesh is cold resistant. (rC+)
You are immune to negative energy. (rN+++)
You regenerate slowly when monsters are visible.
You are immune to unholy pain and torment.
You can survive without breathing.


Message History

The seven-headed meat hydra grows two more!
You open the nine-headed meat hydra like a pillowcase!!!!!!
You chop the nine-headed meat hydra into pieces.
You kill the nine-headed meat hydra!
Makhleb accepts your kill.
You feel better.
You open something like a pillowcase!!!!
You cleave something in twain.
Makhleb accepts your kill.
You feel a bit more experienced.
You are engulfed in roaring flames.
You hear a shout!
You feel something staring at you.
A bolt of fire appears from out of thin air!
Deactivating autopickup; reactivate with Ctrl-A.
The bolt of fire hits you!
The bag of meat is engulfed in roaring flames.
The meat berserker hits your balrug with a +9 battleaxe!!!
You hear a shout! x3
The fleshlord hits you with a +9 great mace!!!!!
Ouch! That really hurt!
You die...

#.% ..# . #..
..# . .%###%.
..###..
...O%%%###%....o
....%..)_..%...
#)))).# .
#_)<)_# o
....#)o§2.#O...
....WoWo@pO%z...
....%%§###%%.L..
..###.. ..###..
. #.% %.# . #%.
.D# %.. ... ....
..


You could see a tyrant, a fleshlord, a sculptor of flesh, 2 dreads, 2 meat
berserkers, 4 bags of meat and a friendly balrug.

Vanquished Creatures
  7 hell beasts (D)
  Edmund (D)
  5 greater mummies (D)
  5 great orbs of eyes (D)
  6 wraiths (D)
  Harold (D)
  15 vampire knights (D)
  37 ogres (D)
  3 liches (D)
  5 hydras (D)
  60 orcs (D)
  4 phantoms (D)
  10 hill giants (D)
  7 skeletal warriors (D)
  8 large abominations (D)
  8 small abominations (D)
  14 crawling corpses (D)
196 creatures vanquished.

Vanquished Creatures (others)
  11 crawling corpses (D)
11 creatures vanquished.

Grand Total: 207 creatures vanquished

Notes
Turn   | Place    | Note
-------+----------+-------------------------------------------
     0 | D        | protoss039 the Ghoul Gladiator began the quest for the Orb.
     0 | D        | Reached XP level 1. HP: 17/17 MP: 0/0
     2 | D        | Noticed a bag of meat
     2 | D        | Noticed a bag of meat
     2 | D        | Noticed a bag of meat
     2 | D        | Noticed a meat berserker
     3 | D        | Became a worshipper of Makhleb the Destroyer
     4 | D        | Noticed a bag of meat
     4 | D        | Noticed a meat berserker
     5 | D        | Killed a meat berserker
     5 | D        | Reached XP level 2. HP: 42/42 MP: 1/1
     5 | D        | Reached XP level 3. HP: 49/49 MP: 2/2
     5 | D        | Reached XP level 4. HP: 57/57 MP: 3/3
     5 | D        | Reached XP level 5. HP: 63/63 MP: 4/4
     5 | D        | Reached XP level 6. HP: 71/71 MP: 5/5
     5 | D        | Reached XP level 7. HP: 78/78 MP: 6/6
     5 | D        | Reached XP level 8. HP: 85/85 MP: 7/7
     5 | D        | Reached XP level 9. HP: 92/92 MP: 8/8
     5 | D        | Reached XP level 10. HP: 100/100 MP: 9/9
     5 | D        | Reached XP level 11. HP: 106/106 MP: 10/10
     5 | D        | Reached XP level 12. HP: 113/113 MP: 11/11
     5 | D        | Reached XP level 13. HP: 119/119 MP: 12/12
     6 | D        | Killed a bag of meat
     6 | D        | Reached * piety under Makhleb
     6 | D        | Reached skill level 1 in Axes
     6 | D        | Reached XP level 14. HP: 112/130 MP: 13/13
     7 | D        | Noticed a bag of meat
     7 | D        | Noticed a bag of meat
     7 | D        | Noticed a bag of meat
     7 | D        | Noticed a bag of meat
     7 | D        | Noticed a meat berserker
     7 | D        | Killed a meat berserker
     7 | D        | Reached skill level 15 in Fighting
     7 | D        | Reached XP level 15. HP: 141/141 MP: 14/14
     9 | D        | Killed a meat berserker
     9 | D        | Reached ** piety under Makhleb
     9 | D        | Reached skill level 15 in Throwing
     9 | D        | Reached skill level 27 in Unarmed Combat
     9 | D        | Reached XP level 16. HP: 105/159 MP: 15/15
     9 | D        | Reached skill level 1 in Armour
     9 | D        | Reached skill level 27 in Dodging
     9 | D        | Reached XP level 17. HP: 114/172 MP: 16/16
    10 | D        | Noticed a meat berserker
    10 | D        | Reached *** piety under Makhleb
    10 | D        | Reached XP level 18. HP: 139/192 MP: 17/17
    11 | D        | Reached **** piety under Makhleb
    11 | D        | Reached skill level 5 in Armour
    12 | D        | Noticed a meat berserker
    12 | D        | Noticed a meat berserker
    12 | D        | Killed a meat berserker
    12 | D        | Reached skill level 27 in Fighting
    12 | D        | Reached XP level 19. HP: 207/207 MP: 18/18
    13 | D        | Killed a meat berserker
    13 | D        | Reached skill level 27 in Axes
    16 | D        | Killed a meat berserker
    16 | D        | Reached ***** piety under Makhleb
    16 | D        | Reached skill level 27 in Throwing
    17 | D        | Noticed a meat berserker
    19 | D        | Noticed a meat berserker
    19 | D        | Killed a meat berserker
    19 | D        | Reached XP level 20. HP: 216/216 MP: 19/19
    21 | D        | Noticed a destroyer
    21 | D        | Noticed a destroyer
    22 | D        | Noticed a meat berserker
    23 | D        | Noticed a meat berserker
    23 | D        | Noticed a meat berserker
    24 | D        | Killed a destroyer
    24 | D        | Reached skill level 27 in Armour
    24 | D        | Reached XP level 21. HP: 224/224 MP: 20/20
    25 | D        | Killed a meat berserker
    25 | D        | Reached skill level 10 in Spellcasting
    26 | D        | Noticed The Servant
    27 | D        | Killed a meat berserker
    27 | D        | Reached XP level 22. HP: 233/233 MP: 20/39
    27 | D        | Reached ****** piety under Makhleb
    27 | D        | Reached skill level 15 in Spellcasting
    28 | D        | Killed a destroyer
    28 | D        | Reached skill level 27 in Stealth
    28 | D        | Reached XP level 23. HP: 240/240 MP: 20/46
    29 | D        | Reached skill level 27 in Invocations
    31 | D        | Reached skill level 27 in Spellcasting
    34 | D        | Reached XP level 24. HP: 226/249 MP: 22/53
    36 | D        | Noticed a destroyer
    38 | D        | Reached XP level 25. HP: 234/257 MP: 23/53
    39 | D        | Noticed a destroyer
    41 | D        | Noticed a destroyer
    41 | D        | Noticed a destroyer
    42 | D        | Killed The Servant
    42 | D        | Reached XP level 26. HP: 81/266 MP: 24/53
    42 | D        | Killed a destroyer
    43 | D        | Killed a destroyer
    43 | D        | Reached XP level 27. HP: 273/273 MP: 24/53
    45 | D        | Killed a destroyer
    47 | D        | Noticed a destroyer
    48 | D        | Killed a destroyer
    49 | D        | Noticed an accursed
    51 | D        | Noticed a destroyer
    53 | D        | Noticed an accursed
    54 | D        | Noticed a destroyer
    54 | D        | Noticed a tyrant
    55 | D        | Killed a destroyer
    55 | D        | Killed a destroyer
    56 | D        | Killed a destroyer
    57 | D        | Noticed a destroyer
    58 | D        | Noticed a meat beast
    59 | D        | Noticed a destroyer
    59 | D        | Killed a meat beast
    60 | D        | Killed a destroyer
    61 | D        | Noticed an accursed
    63 | D        | Killed an accursed
    63 | D        | Killed a destroyer
    65 | D        | Noticed a destroyer
    65 | D        | Killed an accursed
    65 | D        | Noticed a tyrant
    66 | D        | Noticed a dread
    68 | D        | Killed a tyrant
    68 | D        | Killed a destroyer
    69 | D        | Noticed a dread
    71 | D        | Noticed an accursed
    71 | D        | Killed a dread
    71 | D        | Noticed a meat beast
    73 | D        | Noticed a dread
    74 | D        | Noticed a meat beast
    75 | D        | Killed a meat beast
    76 | D        | Noticed a meat beast
    76 | D        | Killed a tyrant
    77 | D        | Noticed a dread
    77 | D        | Killed a dread
    80 | D        | Killed a meat beast
    81 | D        | Noticed a destroyer
    81 | D        | Killed a meat beast
    83 | D        | Killed an accursed
    83 | D        | Killed a dread
    83 | D        | Killed a dread
    83 | D        | Killed an accursed
    84 | D        | Killed a destroyer
    85 | D        | Noticed a meat beast
    89 | D        | Killed a meat beast
    92 | D        | Noticed a destroyer
    93 | D        | Noticed a tyrant
    94 | D        | Noticed an accursed
    95 | D        | Noticed a dread
    96 | D        | Noticed a meat beast
    96 | D        | Killed a destroyer
    97 | D        | Killed a dread
   100 | D        | Killed a meat beast
   103 | D        | Noticed a destroyer
   104 | D        | Noticed a dread
   105 | D        | Killed an accursed
   106 | D        | Killed a destroyer
   107 | D        | Noticed a meat beast
   109 | D        | Killed a tyrant
   111 | D        | Noticed a dread
   113 | D        | Killed a meat beast
   114 | D        | Killed a dread
   116 | D        | Noticed a fleshlord
   119 | D        | Noticed a dread
   121 | D        | Noticed The Defiler
   122 | D        | Noticed a tyrant
   122 | D        | Killed The Defiler
   123 | D        | Annihilated by a fleshlord

Skill      XL: |  1  2  3  4  5  6  7  8  9 10 11 12 13 14 15 16 17 18 19 20 21 22 23 |
---------------+----------------------------------------------------------------------+-----
Fighting       | 12 13 15 18 20 24 27 | 27.0
Throwing       | 11 13 15 17 19 22 27 | 27.0
Dodging        | 18 20 22 25 27 | 27.0
Unarmed Combat | 21 23 25 27 | 27.0
Axes           | 1 3 7 12 17 24 27 | 27.0
Armour         | 2 4 6 20 27 | 27.0
Stealth        | 19 27 | 27.0
Spellcasting   | 14 20 27 | 27.0
Invocations    | 17 25 27 | 27.0

Action                   |  1- 3 |  4- 6 |  7- 9 | 10-12 | 13-15 | 16-18 | 19-21 | 22-24 | 25-27 || total
-------------------------+-------+-------+-------+-------+-------+-------+-------+-------+-------++-------
Melee: Executioner's axe |     1 |       |       |       |     4 |     3 |     7 |     8 |    69 ||    92
Invok: Greater Servant o |       |       |       |       |       |       |       |       |     4 ||     4
 Stab: Distracted        |       |       |       |       |       |       |       |       |     1 ||     1
Dodge: Dodged            |       |       |       |       |       |       |       |       |     8 ||     8
